Cogmind - Beta 17 @@@ ROGUE MODE // 2026.08.08 @ 03:43:37 Player: 4R-ZE3 Result: Destroyed by Autobeam Turret with Autobeam Performance ------------- Evolutions (0) 0 Regions Visited (2) 400 Robots Destroyed (20) 100 Value Destroyed (378) 378 Prototype IDs (1) 20 Alien Tech Used (0) 0 Bonus (-117) -117 TOTAL SCORE: 781 Bonus ------- Follower Combat Kills 166 Friendly Fire -283 Cogmind --------- Core Integrity 0/250 Matter 300/300 Energy 199/200 System Corruption 2% Temperature Cool (12) Movement Rolling (145) Ox3 Location -10/Subcaves Parts ------- > --- POWER (1) -------- Subdweller Power Source > --- PROPULSION (2) --- Myomer Leg Compact Wheel > --- UTILITY (2) ------ High-capacity Storage Unit V3-11A's Pendant > --- WEAPON (2) ------- Subdweller Laser Subdweller Beam Cannon > --- INVENTORY (20) --- Light Ion Engine Compact Wheel Subdweller Monowheel Subdweller Monowheel Disposable Heat Sink Disposable Heat Sink Subdweller Optics Subdweller Optics Scrap Shield Makeshift Hacking Suite Medium Laser Medium Laser Medium Laser Particle Gun Subdweller Laser Subdweller Beam Cannon Subdweller Machine Gun Subdweller Machine Gun Mining Claw Peak State ------------ > --- POWER ------------ Subdweller Power Source > --- PROPULSION ------- Myomer Leg Compact Wheel > --- UTILITY ---------- High-capacity Storage Unit V3-11A's Pendant > --- WEAPON ----------- Subdweller Laser Subdweller Laser > --- INVENTORY -------- Light Ion Engine Compact Wheel Subdweller Monowheel Subdweller Monowheel Disposable Heat Sink Disposable Heat Sink Subdweller Optics Subdweller Optics Scrap Shield Makeshift Hacking Suite Medium Laser Medium Laser Medium Laser Particle Gun Subdweller Beam Cannon Subdweller Machine Gun Subdweller Machine Gun Mining Claw [Rating: 21] Favorites ----------- Power Subdweller Power Source Engine Subdweller Power Source Propulsion Light Treads Treads Light Treads Leg Myomer Leg Wheel Compact Wheel Utility High-capacity Storage Unit Device V3-11A's Pendant Storage High-capacity Storage Unit Protection Weapon Shielding Weapon Medium Laser Energy Gun Medium Laser Energy Cannon Subdweller Beam Cannon Slashing Weapon Mining Claw Build | -11 -10 -10 ------- Run | Yrd Mat Sub Slots Evolved . | . . . Power . | . . . Propulsion . | . . . Utility . | . . . Weapon . | . . . Parts Attached 26 | 6 7 13 Power 3 | 1 1 1 Engine 3 | 1 1 1 Core . | . . . Reactor . | . . . Propulsion 7 | 2 . 5 Treads 2 | 2 . . Leg 1 | . . 1 Wheel 4 | . . 4 Hover . | . . . Flight . | . . . Utility 8 | 1 5 2 Device 2 | . . 2 Storage 4 | 1 3 . Processor . | . . . Hackware . | . . . Protection 2 | . 2 . Artifact . | . . . Weapon 8 | 2 1 5 Energy Gun 6 | 2 . 4 Energy Cannon 1 | . . 1 Ballistic Gun . | . . . Ballistic Cannon . | . . . Launcher . | . . . Special Weapon . | . . . Impact Weapon . | . . . Slashing Weapon 1 | . 1 . Piercing Weapon . | . . . Special Melee Weapon . | . . . Unidentified Prototypes 1 | . . 1 Parts Lost 4 | . 1 3 Power 2 | . 1 1 Propulsion 2 | . . 2 Utility . | . . . Weapon . | . . . Highest Loss Streak 1 | . 1 1 To Critical Strikes . | . . . Average Backups 13 | 1 7 17 Power . | . . . Propulsion 3 | 1 3 4 Utility 2 | . . 4 Weapon 6 | . 3 8 Tool/Special . | . . . Unused Backups 19 | . . 19 Power 1 | . . 1 Propulsion 3 | . . 3 Utility 5 | . . 5 Weapon 10 | . . 10 Tool/Special . | . . . Average Slot Usage (%) 99 | . 99 99 Engine 13 | . 14 13 Treads 21 | . 28 16 Wheel 6 | . . 10 Device 6 | . . 11 Storage 14 | . 15 14 Protection 6 | . 12 2 Energy Gun 22 | . 25 20 Slashing Weapon 5 | . 2 7 Peak Build Rating 21 | 6 8 21 Average Rating 10 | 4 7 13 On Entrance 4 | . 6 8 Avg Prop Armor Cover (%) 8 | . . 8 Naked Turns . | . . . Heaviest Build 58 | 12 52 58 Greatest Support 40 | 40 40 40 Greatest Overweight (x) 3 | . 1 3 Average Overweight (x) . | . . 1 Largest Inventory Capacity 20 | 8 20 20 Average Capacity 19 | 6 19 20 Most Carried 20 | 3 11 20 Average Carried 14 | 1 8 18 Final Capacity 20 | 8 20 20 Final Carried 20 | 3 11 20 Class Distribution -------------------- 94% | Mutant 5% | Scavenger-Mutant Dominant Class ---------------- Mutant | -10/Materials Mutant | -10/Subcaves Resources | -11 -10 -10 ----------- Run | Yrd Mat Sub Matter Collected 529 | 226 152 151 Remotely . | . . . Salvage Created 848 | . 619 229 Parts 28 | . 18 10 Haulers Intercepted 2 | . 2 . Recyclers Shooed 2 | . 2 . Parts Field Recycled . | . . . Retrieved Matter . | . . . Parts Self-Destructed 11 | . . 11 Prevented . | . . . Parts Restored . | . . . Kills | -11 -10 -10 ------- Run | Yrd Mat Sub Combat Hostiles Destroyed 10 | . 5 5 Guns 10 | . 5 5 Classes Destroyed 8 | . 6 2 Worker 1 | . 1 . Hauler 2 | . 2 . Recycler 3 | . 3 . Operator 1 | . 1 . Watcher 1 | . 1 . Swarmer 2 | . . 2 Grunt 5 | . 5 . Subdweller 5 | . . 5 Best Kill Streak 2 | . 2 2 Combat Bots Only 2 | . 1 2 Max Kills in Single Turn 1 | . 1 1 Gunslinging . | . . . Exploded . | . . . Melee . | . . . Uniques/NPCs Destroyed . | . . . Combat | -11 -10 -10 -------- Run | Yrd Mat Sub Hostile Shots Fired 93 | . 28 65 Missed 22 | . 6 16 Hits 71 | . 22 49 Projectile 71 | . 22 49 AOE 1 | . . 1 Critical Strikes 1 | . 1 . Damage Taken 903 | . 299 604 Core 250 | . 45 205 Absorbed by Shields . | . . . Redirected to Shielding 4 | . 4 . Core Remaining (%) 100 | 100 . . Volleys Fired 70 | . 52 18 Largest 2 | . 2 2 Hottest 140 | . 100 140 Shots Fired 136 | . 99 37 Gun 134 | . 99 35 Cannon 2 | . . 2 Launcher . | . . . Special . | . . . Kinetic . | . . . Thermal 136 | . 99 37 Explosive . | . . . Electromagnetic . | . . . Robot Hit Streak 12 | . 9 12 Robot Miss Streak 6 | . 3 6 Penetration Max . | . . . Secondary Targets 1 | . . 1 Max Gunslinging Chain 1 | . . 1 Shots Hit Robots 100 | . 75 25 Core Hits 38 | . 27 11 Critical Kills 1 | . . 1 Critical Parts Destroyed . | . . . Critical Strikes 15 | . 13 2 Burn 14 | . 13 1 Destroy 1 | . . 1 Melee Attacks 20 | . 6 14 Impact . | . . . Slashing 20 | . 6 14 Piercing . | . . . Sneak Attacks 1 | . 1 . Combat Hostiles . | . . . Follow-up Attacks . | . . . Damage Inflicted 1470 | . 1005 465 Guns 1392 | . 957 435 Cannons 30 | . . 30 Explosions . | . . . Melee 48 | . 48 . Ramming . | . . . Kinetic . | . . . Thermal 1422 | . 957 465 Explosive . | . . . Electromagnetic . | . . . Impact . | . . . Slashing 48 | . 48 . Piercing . | . . . Highest Corruption 2 | . 2 2 Average Corruption 2 | . 2 2 Corruption Purged . | . . . Corruption Blocked . | . . . Effects 47 | . 12 35 Message Errors 13 | . 3 10 Matter Fused 6 | . 3 3 Heat Flow Errors 3 | . . 3 Energy Discharges 5 | . 1 4 Parts Rejected 1 | . . 1 Parts Fused 1 | . 1 . Data Loss (minor) 7 | . 2 5 Data Loss (major) 7 | . 1 6 Misfires 2 | . 1 1 Alerts 2 | . . 2 Overload Shots . | . . . Overflow Damage . | . . . Projectiles . | . . . Explosions . | . . . Melee . | . . . Knockbacks . | . . . Impact . | . . . Kinetic . | . . . Secondary . | . . . Self-Inflicted Damage . | . . . Shots . | . . . Rammed . | . . . Targets Rammed . | . . . Kicked . | . . . Crushed . | . . . Highest Temperature 297 | . 297 168 Average Temperature 105 | . 111 39 Received Heat Transfer 354 | . 180 174 Effects 1 | . 1 . Energy Bleed 1 | . 1 . Siege Activations . | . . . Martial Activations . | . . . Shielding Activations . | . . . Robots Disrupted . | . . . Combat Hostiles . | . . . Robots Corrupted . | . . . Combat Hostiles . | . . . Parts Fried . | . . . Impact Corruptions . | . . . Robots Melted . | . . . Combat Hostiles . | . . . Parts Melted 13 | . 12 1 Heat Transferred 4703 | . 3737 966 Parts Sabotaged . | . . . Parts Stolen . | . . . Parts Stripped . | . . . Power Chain Reactions . | . . . Alert | -11 -10 -10 ------- Run | Yrd Mat Sub Maximum Alert Level . | . . . Low Security (%) 100 | 100 100 . Level 1 . | . . . Level 2 . | . . . Level 3 . | . . . Level 4 . | . . . Level 5 . | . . . High Security . | . . . Max Security . | . . . Peak Influence 60 | . 60 . Initial . | . . . Average 8 | . 8 . Influence Increases 541 | . 238 303 Destroy 0b10 Robot/C 300 | . 100 200 Destroy 0b10 Robot/NC 40 | . 40 . Destroy Leader 36 | . 26 10 Allied During Kill 18 | . . 18 Successful Hack 10 | . 10 . Destroy Structure 2 | . 2 . Lose Combat Pursuer 135 | . 60 75 Influence Decreases 408 | . 228 180 Entered New Map 6 | . . 6 Time Decay 372 | . 228 144 Lost Part 10 | . . 10 Lost Ally 20 | . . 20 Squads Dispatched 1 | . 1 . Investigation . | . . . Extermination . | . . . Reinforcement 1 | . 1 . Assault . | . . . Garrison . | . . . Intercept . | . . . Searches Triggered . | . . . Construction Impeded . | . . . Haulers Reinforced . | . . . Active Scanning Responses . | . . . Cargo Convoy Interrupts . | . . . Stealth | -11 -10 -10 --------- Run | Yrd Mat Sub Distress Signals 1 | . 1 . Communications Jammed . | . . . Distress Signals . | . . . Times Spotted 43 | . 15 28 Peak Tracking Total 6 | . 3 6 Tactical Retreats 7 | . 4 3 Traps | -11 -10 -10 ------- Run | Yrd Mat Sub Traps Triggered 1 | . 1 . Indirectly . | . . . Trap Hack Attempts . | . . . Triggered . | . . . Disarmed . | . . . Reprogrammed . | . . . Reused . | . . . Traps Extracted . | . . . Installed . | . . . Triggered . | . . . Machines | -11 -10 -10 ---------- Run | Yrd Mat Sub Machines Disabled . | . . . Max in Single Turn . | . . . Machines Repaired . | . . . Machines Dismantled . | . . . Machines Sabotaged . | . . . Overloaded Fab Kills . | . . . Hacking | -11 -10 -10 --------- Run | Yrd Mat Sub Machines Accessed 7 | . 6 1 Terminals 4 | . 4 . Fabricators . | . . . Repair Stations . | . . . Recycling Units 2 | . 2 . Scanalyzers . | . . . Garrison Access . | . . . Total Hacks 16 | . 13 3 Successful 11 | . 8 3 Failed 5 | . 5 . Catastrophic 1 | . 1 . Database Lockouts . | . . . Manual 11 | . 11 . Terminals 10 | . 10 . Fabricators . | . . . Repair Stations . | . . . Recycling Units 3 | . 3 . Scanalyzers . | . . . Garrison Access . | . . . Terminal Hacks 6 | . 3 3 Record 3 | . . 3 Robot Analysis 2 | . 2 . Zone Layout 1 | . 1 . Fabricator Hacks . | . . . Repair Station Hacks . | . . . Recycling Unit Hacks 2 | . 2 . Retrieve Components 2 | . 2 . Scanalyzer . | . . . Garrison Access Hacks . | . . . Unauthorized Hacks 3 | . 3 . Terminals 3 | . 3 . Botnet 3 | . 3 . Fabricators . | . . . Repair Stations . | . . . Recycling Units . | . . . Scanalyzers . | . . . Garrison Access . | . . . Data Cores Recovered . | . . . Used . | . . . Hacking Detections 3 | . 3 . Full Trace Events . | . . . Feedback Events . | . . . Feedback Blocked . | . . . Robot Schematics Acquired . | . . . Robots Built . | . . . Authchips . | . . . Time . | . . . Total Robot Build Rating . | . . . Part Schematics Acquired . | . . . Parts Built . | . . . Authchips . | . . . Time . | . . . Total Part Build Rating . | . . . Part Studies Acquired . | . . . Parts Repaired . | . . . Time . | . . . Parts Recycled . | . . . Recycled Matter . | . . . Retrieved Matter . | . . . Retrieved Components 7 | . 7 . Parts Scanalyzed . | . . . Part Schematics Acquired . | . . . Parts Damaged . | . . . Bothacking | -11 -10 -10 ------------ Run | Yrd Mat Sub Used RIF Installer . | . . . Robots Hacked . | . . . Non-combat . | . . . Combat . | . . . Robot Hacks Applied . | . . . Relay Couplers Released . | . . . Fabnet Peak Effective % . | . . . Robots Rewired . | . . . Allies Hacked . | . . . Hacks Repelled . | . . . Allies | -11 -10 -10 -------- Run | Yrd Mat Sub Total Allies 11 | . . 11 Largest Group 7 | . . 7 Highest-Rated Group 133 | . . 133 Highest-Rated Ally 19 | . . 19 Total Orders . | . . . Ally Attacks 67 | . . 67 Total Damage 1187 | . . 1187 Kills 11 | . . 11 Allies Corrupted . | . . . Allies Melted 1 | . . 1 Intel | -11 -10 -10 ------- Run | Yrd Mat Sub Active Infowar (turns) . | . . . Robot Analysis Total 2 | . 2 . Derelict Logs Recovered 1 | . . 1 Drone Launches . | . . . Drone Recoveries . | . . . Exploration | -11 -10 -10 ------------- Run | Yrd Mat Sub Turns Passed 3653 | 82 1446 2125 Spaces Moved 1634 | 46 455 1133 Core 2 | 2 . . Treads 983 | 44 455 484 Legs 7 | . . 7 Wheels 642 | . . 642 Hover . | . . . Flight . | . . . Fastest Speed 50 | 50 160 115 Average Speed 183 | 155 219 170 Slowest Speed 260 | 160 240 260 Overloaded Moves . | . . . Propulsion Burnouts . | . . . Robots Hopped . | . . . Potential Cave-ins . | . . . Cave-ins Triggered . | . . . Exploration Rate (%) 54 | 3 78 81 Regions Visited 2 Branch Regions 1 Pre-discovered Areas 1 | . . 1 Known Exits Taken . | . . . Unknown Exits Taken 2 | 1 1 . Scrap Searched 1 | . . 1 Spaces Dug 6 | . 5 1 Terrain Destroyed 6 | . 5 1 Melee 6 | . 5 1 Projectile . | . . . AOE . | . . . Terrain Rammed . | . . . Walls Destroyed . | . . . Machines Disabled . | . . . Actions | -11 -10 -10 --------- Run | Yrd Mat Sub Total 2119 | 54 793 1272 Wait 321 | . 258 63 Move 1632 | 45 454 1133 Hop . | . . . Pick Up 29 | 3 9 17 Fast Attach 13 | 6 3 4 Attach 6 | . 1 5 Detach 2 | . . 2 Swap 11 | . 6 5 Drop 15 | . 4 11 Fire 70 | . 52 18 Melee 20 | . 6 14 Ram . | . . . Kick . | . . . Crush . | . . . Escape Stasis . | . . . Rewire . | . . . Trap . | . . . Miscellaneous . | . . . Route ------- -11/Scrapyard -10/Materials (discovered 5 exits: [*Mat x2] / [*Min x2] / *Sub) -10/Subcaves (discovered 2 exits: [*Mat x2]) History --------- Turn | Location | Event 2 | -11/Scrapyard | Met Revision 17 6 | -11/Scrapyard | Discovered new exit (range 16) 83 | -11/Scrapyard | Entered Materials 306 | -10/Materials | Build established: Mutant 667 | -10/Materials | Discovered new exit (range 13) 1188 | -10/Materials | Discovered new exit (range 8) 1248 | -10/Materials | Discovered new exit (range 16) 1417 | -10/Materials | Discovered new exit (range 14) 1527 | -10/Materials | Discovered new exit (range 2) 1529 | -10/Materials | Entered Subcaves 1531 | -10/Subcaves | Learned location of Zion (-6) 1531 | -10/Subcaves | Met a Zionite searching for "candidates" 1774 | -10/Subcaves | Shifting Twisted Machinery released Sub. Machine Gun 1800 | -10/Subcaves | Disturbed a concealed Subdweller 1938 | -10/Subcaves | Discovered new exit (range 8) 2106 | -10/Subcaves | Visited triangular shrine 2121 | -10/Subcaves | Found Prototype Device 2121 | -10/Subcaves | Identified V3-11A's Pendant 2126 | -10/Subcaves | Befriended Subdweller 2212 | -10/Subcaves | Learned Materials trap positions 2256 | -10/Subcaves | A swath of the cavern ceiling suddenly collapsed 2618 | -10/Subcaves | A swath of the cavern ceiling suddenly collapsed 2635 | -10/Subcaves | Visited Clippyterm 2642 | -10/Subcaves | Learned Factory garrison access intel 2741 | -10/Subcaves | Befriended Subdweller 2741 | -10/Subcaves | Core integrity fell below 50% 2751 | -10/Subcaves | Befriended Subdweller 2853 | -10/Subcaves | Shifting Twisted Machinery released Mak. Hacking Suite 2855 | -10/Subcaves | Shifting Twisted Machinery released Sub. Machine Gun 2896 | -10/Subcaves | Befriended Subdweller 2906 | -10/Subcaves | Befriended Subdweller 2956 | -10/Subcaves | Befriended Subdweller 2956 | -10/Subcaves | Befriended Subdweller 3151 | -10/Subcaves | Lost 3 allies 3226 | -10/Subcaves | Befriended Subdweller 3244 | -10/Subcaves | Lost 4 allies 3456 | -10/Subcaves | Shifting Twisted Machinery released Sub. Shrapnel Launcher 3471 | -10/Subcaves | Befriended Subdweller 3471 | -10/Subcaves | Befriended Subdweller 3481 | -10/Subcaves | Shifting Twisted Machinery released Mak. Kinetic Plating 3482 | -10/Subcaves | Discovered new exit (range 2) 3620 | -10/Subcaves | Core integrity fell below 20% 3621 | -10/Subcaves | Lost 3 allies 3625 | -10/Subcaves | Approached by friendly Subdweller 3654 | -10/Subcaves | Destroyed by Autobeam Turret with Autobeam Last Messages --------------- 03588_ Flight Unit fries itself beyond repair. 03589_ System corrupted: Sub. Monowheel rejected. 03589_ Flight Unit fries itself beyond repair. 03590_ 2H-GE9(R) destroyed. 03593_ S-10 Pest suffers critical hit (Destroy). 03593_ S-10 Pest destroyed. 03594_ Flight Unit fries itself beyond repair. 03595_ Lgt. Assault Rifle fries itself beyond repair. 03598_ Acquired 10 matter. 03600_ Lgt. Ion Engine fries itself beyond repair. 03602_ Acquired Sub. Beam Cannon. 03603_ Acquired 20 matter. 03606_ Flight Unit fries itself beyond repair. 03633_ System corrupted: Energy discharge (-43). 03643_ 4J-U6N(R) affixes Scrap Shield Fragment to Scrap Shield. 03652_ 4J-U6N(R) destroyed. Map ----- +----------------------------------------------------+ | ??? ???## #??????????????????## #????? | | ?? ### #???????????????????####?????? | | ?? #????????????????????????????? | | ?? ##????????????????????????????? | | ?? # # ##????????????????????????????? | | ???## ### " ##???????????????????????????? | | ????# ## # #???????????????????????????? | | ???? ######??????????????????????? | | ????? "" ##?????????????????????? | | ????? ### # ###???????????????????? | | ????? ????##########" " ##?##???????????????? | | ???????????????????## "" ## ##??????????????? | | ????????????????????#"" " " #??????????????? | | ????????????????????##" " ##?????##???????? | | ?????????????????????#### ## ##??????#"???????? | | ???????????????????????## ## ##??????# ##?????? | | ???????????????????????# ### #??????# ##????? | | ???????????????????????# # ##?????## "###??? | | ??????????????????????## ##????## #" ###? | | ?????????????????????## ######" # ## | | ?????????????????????# &= ## "" # | | ?????????????????????# !%&% #"" "" | | ?????????????????????## & != ### "# | | ?????????????????????## % %####?### | | ?????????????????????#;% ##????### "" | | ?????????????????????#% @ ##????## ##" | | ?????????????? &% #?????# ### | | ?????????? & #?????# ##?# % | | ???????????"t ???# ##?## | | ??????????? ##### ??# #??# | | ???????????? ??????# ?# ##?## | | ????????????????????## #?# #### """" | | ####?????????????????# #?# ## | | ###???????????????## ?# ### | | ##???????????????# ?## ##?## # | | #???????????????##### #?### #??# # # | | # #??? ???##????????? #???# ??## "# " | | # #? #?## ????????? #???#####???#"#### | | ## ### ## ????????? ?????????#? ???#[" | | ?## #### #???????? ????????## ??## " | | ??###### ###?????? ?????????# #??# "" | | ????? ##???????????????## #???## | | ?????? ##??????????????# ????# | | ??????? ##????????????## ?????#"" | | ????????# ##???????????# #?????## | | ?????????# #######????## #?????# | | ??????????# ## ## ##??## #????### | | ??????????# ## #??# ###### | | ???????????# #??# ## | | ??????????## % #???# # | +----------------------------------------------------+ Best States ------------- Heat Dissipation 25 Coolant Potential 50 Energy Generation 15 Energy Capacity 250 Matter Stores 300 Matter Capacity 300 Sight Range 16 Terrain Scan Density 10 Armor Coverage 150 Weapon Shielding 33 Evasion (%) 40 Recoil Reduction 2 Item Schematics ----------------- None Robot Schematics ------------------ None Fabricated ------------ Nothing Repaired ---------- Nothing Studied --------- None Alien Tech Used ----------------- None Achievements -------------- None Challenges ------------ None Game ------ Seed NetworkLauncherFlamer Manual? 0 Play Time 00:20:25 Cumulative 198.2 hours Start 2026.08.08 @ 03:25:56 End 2026.08.08 @ 03:43:37 Sessions 1 Manual Loads 0 Difficulty Rogue Special Mode None Game No. 209 Rogue 155 Adventurer 54 Explorer 0 Win Type - Total 9 Types 5/0/1/1/0/0/0/1/0/1 Lore% 69 Gallery% 60 Achievement% 57 Wizard Run 0 Options --------- Layout 1 ASCII 0 Keyboard 0 Movement Mouse Keybinds 1 Fullscreen 2 Font 32/Tamsyn Map View 50x35 Zoom Use 0% Tactical HUD 1 Map Filters NONE Filters NONE Steam 1 RUN: 1c7be87f-5dc7-4f49-87b3-34681295d209